 Dungeon Crawl Stone Soup version 0.31-a0-177-g4aa6249778 (webtiles) character file.

Game seed: 15386630941836456523

653 qw the Chopper (level 7, -3/44 HPs)
             Began as a Gargoyle Fighter on June 18, 2023.
             Was an Initiate of Okawaru.
             Slain by an ogre
             ... wielding a +0 giant spiked club
              (26 damage)
             ... on level 4 of the Dungeon.
             The game lasted 00:03:02 (3717 turns).

qw the Chopper (Gargoyle Fighter)                   Turns: 3717, Time: 00:03:03

Health: -3/44      AC: 18    Str: 22    XL:     7   Next: 54%
Magic:  7/7        EV:  6    Int:  8    God:    Okawaru [......]
Gold:   187        SH:  4    Dex:  9    Spells: 6/6 levels left

rFire   . . .        Y - +0 war axe
rCold   . . .        c - +0 buckler
rNeg    + . .        i - +0 plate armour
rPois   inf          (no helmet)
rElec   +            (no cloak)
rCorr   .            h - +1 pair of gloves
SInv    .            (no boots)
Will    .....        (no amulet) Stlth
                     (no ring)
HPRegen 0.27/turn    (no ring)
MPRegen 0.10/turn

%: no passive effects
@: no status effects
A: sickness immunity, AC +4, negative energy resistance 1, electricity
resistance, torment resistance 1, petrification resistance
a: Renounce Religion


You were on level 4 of the Dungeon.
You worshipped Okawaru.
Okawaru was noncommittal.
You visited 1 branch of the dungeon, and saw 5 of its levels.

You collected 187 gold pieces.


Innate Abilities, Weirdness & Mutations

You are immune to sickness and miasma.
Your stone body is resilient. (AC +4)
You are immune to poison.
You resist negative energy. (rN+)
You are resistant to electric shocks. (rElec)
You are resistant to unholy torment.
You are immune to petrification.


   Skills:
 - Level 4.3 Fighting
 + Level 6.8 Axes
 - Level 4.0 Armour
 - Level 3.2 Shields
 - Level 0.1 Invocations


You had 6 spell levels left.
You didn't know any spells.
Your spell library was empty.

Inventory:

Hand Weapons
 j - a +0 flail
 Y - a +0 war axe (weapon)
Armour
 c - a +0 buckler (worn)
 h - a +1 pair of gloves (worn)
 i - a +0 plate armour (worn)
Scrolls
 f - a scroll of identify
Potions
 a - a potion of lignification
 b - a potion of mutation {unknown}
 d - a potion of might
 g - a potion of attraction {unknown}

Dungeon Overview and Level Annotations

Branches:
Dungeon (5/15)             Temple (0/1) D:4

Altars:
Dithmenos
Gozag
Okawaru
Trog
Wu Jian
Xom

Shops:
D:3 =


Message History

An ogre comes into view. It is wielding a +0 giant spiked club.
You barely miss the adder. The adder bites you but does no damage.
You hit the adder but do no damage. The adder bites you but does no damage.
The adder bites you.
You slash the adder!
The adder is severely wounded.
The adder closely misses you. The adder bites you but does no damage.
You barely miss the adder.
The adder is severely wounded.
The adder barely misses you.
You barely miss the adder.
The adder is severely wounded.
The adder bites you but does no damage. x2
You hit the adder.
You kill the adder!
Okawaru accepts your kill.
You hit the ogre.
The ogre is lightly wounded.
The ogre hits you with a +0 giant spiked club!!
3714 ||| STAIRDANCE The ogre hits you with a +0 giant spiked club.
You climb upwards.
There is a stone staircase leading down here.
Enter note:
Enter note:
Enter note:
Enter note:
Enter note:
Enter note:
Enter note:
Enter note:
Enter note: You hit the ogre.
The ogre is moderately wounded.
You hit the ogre but do no damage.
The ogre is moderately wounded.
The ogre hits you with a +0 giant spiked club!!
Ouch! That really hurt!
You die...

#####.##)..#######.##.##.# #.##
...........<..........##.#####.##
...................(...........##
#####.........######....####.....
##..).........#..#### ##.###
##.........#......# #....
####..........#......# #####
#...............O....#
...>#.........#.@....#
#####...........###### #
#......>..### #.>.......#
#.........# #.........#
#.........# ##.......## ##.....##


You could see an ogre.

Vanquished Creatures
  An ice beast (D:4)
  2 scorpions (D:4)
  2 jellies (D:4)
  2 orc priests (D:4)
  A hound (D:4)
  An orc wizard (D:4)
  8 adders
  8 gnolls
  An ufetubus (D:4)
  4 worms (D:2)
  A dart slug (D:4)
  5 orcs
  7 ball pythons
  8 endoplasms
  3 giant cockroaches
  12 hobgoblins
  2 jackals (D:1)
  A quokka (D:2)
  8 bats
  A frilled lizard (D:1)
  11 goblins
  14 kobolds
  10 rats
113 creatures vanquished.

Vanquished Creatures (others)
  An orc wizard (D:4)
1 creature vanquished.

Grand Total: 114 creatures vanquished

Notes
Turn   | Place    | Note
-------+----------+-------------------------------------------
     0 | D:1      | qw the Gargoyle Fighter began the quest for the Orb.
     0 | D:1      | Reached XP level 1. HP: 14/14 MP: 1/1
     0 | D:1      | 0 ||| qw: Version: 0.3-a-7-ge0c9b40
     0 | D:1      | 0 ||| qw: Game counter: 755
     0 | D:1      | 0 ||| qw: Always use a shield: true
     0 | D:1      | 0 ||| qw: God list: Okawaru
     0 | D:1      | 0 ||| qw: Allow faded altars: false
     0 | D:1      | 0 ||| qw: Do Orc after D:15 true
     0 | D:1      | 0 ||| qw: Do second Lair branch before Depths: true
     0 | D:1      | 0 ||| qw: Lair rune preference: random
     0 | D:1      | 0 ||| qw: Plans: Normal, Zot:1-4, Slime:5, God:TSO, Crypt,
                  | Tomb, Abyss, Pan, Hells, Win
     0 | D:1      | 0 ||| PLANNING D:1-11
    95 | D:1      | Reached skill level 2 in Axes
   145 | D:1      | 145 ||| Stepping ~*~*~tactically~*~*~ (stealth).
   155 | D:1      | 155 ||| Stepping ~*~*~tactically~*~*~ (stealth).
   183 | D:1      | Reached XP level 2. HP: 18/19 MP: 2/2
   202 | D:1      | 202 ||| Stepping ~*~*~tactically~*~*~ (stealth).
   203 | D:1      | 203 ||| Stepping ~*~*~tactically~*~*~ (stealth).
   336 | D:1      | 336 ||| Stepping ~*~*~tactically~*~*~ (stealth).
   350 | D:1      | 350 ||| Stepping ~*~*~tactically~*~*~ (stealth).
   354 | D:1      | 354 ||| Stepping ~*~*~tactically~*~*~ (stealth).
   365 | D:1      | Reached skill level 3 in Axes
   389 | D:1      | Reached XP level 3. HP: 23/23 MP: 3/3
   739 | D:1      | 739 ||| UPGRADING to +3 chain mail.
   749 | D:1      | 749 ||| DROPPING +0 scale mail.
   750 | D:1      | 750 ||| UPGRADING to +0 pair of gloves.
   755 | D:1      | 755 ||| UPGRADING to +0 plate armour.
   765 | D:1      | 765 ||| DROPPING +3 chain mail.
   766 | D:1      | 766 ||| READING scroll labelled WAIWAOLUAM.
   965 | D:2      | Reached XP level 4. HP: 25/28 MP: 4/4
  1012 | D:2      | 1012 ||| Stepping ~*~*~tactically~*~*~ (stealth).
  1056 | D:2      | Reached skill level 4 in Axes
  1292 | D:2      | 1292 ||| Stepping ~*~*~tactically~*~*~ (stealth).
  1315 | D:2      | 1315 ||| DROPPING +0 club.
  1348 | D:2      | Reached XP level 5. HP: 32/32 MP: 5/5
  1586 | D:2      | 1586 ||| READING scroll labelled IJUXUS GEVUVANT.
  1587 | D:2      | 1587 ||| READING scroll labelled SOXEORHIOCI.
  1588 | D:2      | 1588 ||| READING scroll labelled TAJACLUSAA.
  1589 | D:2      | 1589 ||| READING scroll labelled QIURYT QIFIJ.
  1590 | D:2      | 1590 ||| DRINKING 2 fizzy green potions.
  1591 | D:2      | 1591 ||| DROPPING potion of brilliance.
  1621 | D:3      | 1621 ||| STAIRDANCE
  1689 | D:3      | 1689 ||| Stepping ~*~*~tactically~*~*~ (stealth).
  1690 | D:3      | 1690 ||| Stepping ~*~*~tactically~*~*~ (stealth).
  1916 | D:3      | Reached skill level 5 in Axes
  2007 | D:3      | 2007 ||| Stepping ~*~*~tactically~*~*~ (stealth).
  2019 | D:3      | Found a shadowy altar of Dithmenos.
  2120 | D:3      | Found a bloodstained altar of Trog.
  2122 | D:3      | Found an opulent altar of Gozag.
  2122 | D:3      | Found a shimmering altar of Xom.
  2128 | D:3      | Found an ornate altar of the Wu Jian Council.
  2130 | D:3      | Found an iron altar of Okawaru.
  2131 | D:3      | 2131 ||| PLANNING OKAWARU WORSHIP
  2138 | D:3      | Became a worshipper of Warmaster Okawaru
  2139 | D:3      | 2139 ||| PLANNING D:1-11
  2144 | D:3      | 2144 ||| READING scroll of enchant armour.
  2144 | D:3      | 2144 ||| ENCHANTING +0 pair of gloves.
  2303 | D:3      | Found Lielocav's Jewellery Emporium.
  2324 | D:3      | 2324 ||| SHOPLISTING +6 ring of dexterity (432 gold, have
                  | 140).
  2324 | D:3      | 2324 ||| SHOPLISTING amulet of reflection (360 gold, have
                  | 140).
  2324 | D:3      | 2324 ||| SHOPLISTING amulet of regeneration (360 gold, have
                  | 140).
  2324 | D:3      | 2324 ||| SHOPLISTING ring of positive energy (240 gold,
                  | have 140).
  2324 | D:3      | 2324 ||| SHOPLISTING ring of protection from cold (300
                  | gold, have 140).
  2587 | D:3      | 2587 ||| Stepping randomly (stuck).
  2600 | D:4      | Found a staircase to the Ecumenical Temple.
  2601 | D:4      | 2601 ||| FLEEEEING.
  2602 | D:4      | 2602 ||| FLEEEEING.
  2603 | D:4      | 2603 ||| FLEEEEING.
  2604 | D:4      | 2604 ||| STAIRDANCE
  2656 | D:4      | Reached XP level 6. HP: 25/39 MP: 6/6
  2698 | D:4      | 2698 ||| Stepping ~*~*~tactically~*~*~ (hiding).
  2699 | D:4      | 2699 ||| Stepping ~*~*~tactically~*~*~ (hiding).
  2709 | D:4      | 2709 ||| Stepping ~*~*~tactically~*~*~ (stealth).
  2760 | D:4      | 2760 ||| Stepping ~*~*~tactically~*~*~ (stealth).
  2762 | D:4      | 2762 ||| Stepping ~*~*~tactically~*~*~ (hiding).
  2920 | D:4      | Noticed an ice beast
  2936 | D:4      | Killed an ice beast
  2937 | D:4      | Reached skill level 6 in Axes
  2937 | D:4      | Reached XP level 7. HP: 22/44 MP: 7/7
  3038 | D:4      | 3038 ||| Stepping ~*~*~tactically~*~*~ (stealth).
  3071 | D:4      | 3071 ||| Stepping ~*~*~tactically~*~*~ (hiding).
  3077 | D:4      | Reached * piety under Okawaru
  3085 | D:4      | 3085 ||| INVOKING Heroism.
  3397 | D:4      | 3397 ||| Stepping ~*~*~tactically~*~*~ (hiding).
  3404 | D:4      | 3404 ||| Stepping ~*~*~tactically~*~*~ (hiding).
  3426 | D:4      | HP: 10/44 [orc priest/+0 mace (5)]
  3448 | D:4      | 3448 ||| Stepping ~*~*~tactically~*~*~ (stealth).
  3449 | D:4      | 3449 ||| Stepping ~*~*~tactically~*~*~ (stealth).
  3653 | D:4      | 3653 ||| READING scroll labelled TOVUL ZEAROETT.
  3657 | D:4      | 3657 ||| DRINKING 2 fuming grey potions.
  3705 | D:5      | Entered Level 5 of the Dungeon
  3714 | D:5      | 3714 ||| STAIRDANCE
  3717 | D:4      | Slain by an ogre

Levels and vault maps discovered:
D:1:      minmay_arrival_loop, layout_loops_cross
D:2:      layout_loops_ring
D:3:      layout_basic, grunt_temple_overflow_open, serial_shops,
          nicolae_lakefront_shop
D:4:      layout_rooms, minmay_temple_entry_proselytizer, grunt_ministairs_11
D:5:      layout_loops_ring, zin_angel, gammafunk_ghost_necromancy, uniq_ijyb

Skill      XL: |  1  2  3  4  5  6  7 |
---------------+----------------------+-----
Axes           | 2 3 4 5 6 |  6.8
Fighting       | 4 |  4.3
Armour         | 4 |  4.0
Shields        | |  3.2
Invocations    | |  0.1

Action                     |  1- 3 |  4- 6 |  7- 9 || total
---------------------------+-------+-------+-------++-------
  Melee: War axe           |   109 |   212 |    92 ||   413
 Invoke: Heroism           |       |       |     1 ||     1
    Use: Scroll            |     1 |     5 |     1 ||     7
         Potion            |       |     1 |     1 ||     2
 Armour: Scale mail        |    33 |       |       ||    33
         Plate armour      |    27 |   130 |    73 ||   230
  Dodge: Dodged            |    42 |    56 |    34 ||   132
  Block: Buckler           |    24 |    35 |    16 ||    75

Table legend:
 A = Non-vault XP
 B = Vault XP
 C = Vault XP percentage of total XP
 D = Non-vault monster count
 E = Vault monster count
 F = Vault count percentage of total count
                 A         B        C        D         E       F
            +---------+---------+-------+---------+---------+-------
      Total |     889 |      44 |   4.7 |     112 |       2 |   1.8
            +---------+---------+-------+---------+---------+-------
        D:1 |      44 |       0 |   0.0 |      28 |       0 |   0.0
        D:2 |     147 |       0 |   0.0 |      30 |       0 |   0.0
        D:3 |      98 |       0 |   0.0 |      23 |       0 |   0.0
        D:4 |     587 |      44 |   7.0 |      30 |       2 |   6.2
        D:5 |      13 |       0 |   0.0 |       1 |       0 |   0.0
            +---------+---------+-------+---------+---------+-------
